 Dungeon Sprint DCSS version 0.18-a0-1800-gdc7a371 (webtiles) character file.

9165 Kidiri the Unseen (level 11, -2/58 HPs)
             Began as a Spriggan Enchanter on Apr 25, 2016.
             Was a Priest of Dithmenos.
             Slain by a deep elf blademaster
             ... wielding a +0 rapier
              (19 damage)
             ... in the Dungeon (Sprint II: "The Violet Keep of Menkaure").
             The game lasted 00:11:46 (1590 turns).

Kidiri the Unseen (Spriggan Enchanter)              Turns: 1590, Time: 00:11:46

Health: -2/58      AC:  5    Str:  4    XL:     11   Next: 19%
Magic:  28/28      EV: 29    Int: 18    God:    Dithmenos [***...]
Gold:   820        SH:  0    Dex: 15    Spells: 5 memorised, 23 levels left

rFire  . . .     SeeInvis +     a - +2 dagger
rCold  . . .     Gourm    .     b - +1 robe
rNeg   + . .     Faith    .     (shield restricted)
rPois  .         Spirit   .     (helmet restricted)
rElec  .         Dismiss  +     f - +0 cloak
rCorr  .         Reflect  .     (gloves unavailable)
SustAt .         Harm     .     (boots unavailable)
MR     ++...     Clarity  +     g - amulet of dismissal
Stlth  +++++++++. NoTele   +    x - ring of positive energy
                                u - ring of flight

@: lethally poisoned (-2 -> -5), wreathed by umbra, very quick, very resistant
to hostile enchantments, incredibly stealthy
A: unfitting armour, thin metallic scales 1, see invisible, clarity, clumsy 2,
deformed body, herbivore 3, speed 3, magic resistance 1, slow metabolism 2, wild
magic 1, MP-powered wands
a: Shadow Step, Renounce Religion, Evoke Flight


You were in the Dungeon.
You worshipped Dithmenos.
Dithmenos was most pleased with you.
You were hungry.

You visited 1 branch You collected 2116 gold pieces.
You spent 1296 gold pieces at shops.

Inventory:

Hand Weapons
 a - a +2 dagger (weapon)
Armour
 b - a +1 robe (worn)
 f - a +0 cloak (worn)
Jewellery
 g - an amulet of dismissal (around neck)
 u - a ring of flight (left hand)
 x - a ring of positive energy (right hand)
Scrolls
 e - 2 scrolls of amnesia
 i - 2 scrolls of fog
 j - a scroll of blinking
 k - a scroll of fear
 l - a scroll of magic mapping
 q - 3 scrolls of remove curse
Potions
 h - 3 potions of magic
 m - 3 potions of resistance
 n - a potion of lignification
 p - 5 potions of flight {unknown}
Books
 c - a book of Cantrips

   Spells                             Type                      Level
   a - Corona                         Hexes                        1
   b - Animate Skeleton               Necromancy                   1
   c - Summon Small Mammal            Summoning                    1
   d - Apportation                    Translocation                1
Comestibles
 d - 2 bread rations
 v - 2 fruits


   Skills:
 + Level 6.4 Fighting
 * Level 11.8 Short Blades
 + Level 5.8 Armour
 * Level 14.9 Dodging
 * Level 16.2 Stealth
 * Level 12.9 Spellcasting
 + Level 4.8 Conjurations
 + Level 9.8 Hexes
 + Level 5.3 Ice Magic
 + Level 4.1 Invocations


You had 23 spell levels left.
You knew the following spells:

 Your Spells              Type           Power        Failure   Level  Hunger
a - Corona                Hex            ######.      1%          1    None
b - Ensorcelled Hibernat  Hex/Ice        ######       1%          2    None
c - Confuse               Hex            ######..     1%          3    None
d - Tukima's Dance        Hex            ######..     1%          3    None
e - Dazzling Spray        Conj/Hex       #####...     1%          3    None


Dungeon Overview and Level Annotations

Branches:
Dungeon (1/1)

Altars:
Cheibriados
Dithmenos
Elyvilon
Fedhas
Gozag
Kikubaaqudgha
Makhleb
Nemelex Xobeh
Okawaru
Pakellas
Qazlal
Ru
Sif Muna
Trog
Vehumet
Xom
Yredelemnul
Zin
The Shining One
Beogh
Jiyva
Lugonu

Shops:
D (}:(?=[:[(=!}%!(

Annotations:
D exclusion: oklob plant, Roxanne


Innate Abilities, Weirdness & Mutations

You are tiny and cannot use many weapons and most armour.
You have supernaturally acute eyesight.
You are a herbivore.
You cover ground extremely quickly.
You need consume almost no food.
You are partially covered in thin metallic scales (AC +2).
You possess an exceptional clarity of mind.
You are very clumsy. (Dex -4)
Armour fits poorly on your strangely shaped body.
You are resistant to hostile enchantments.
Your spells are a little harder to cast, but a little more powerful.
You expend magic power (3 MP) to strengthen your wands.


Message History

The spray of energy hits the flying skull.
You destroy the flying skull!
Dithmenos accepts your kill.
You feel sick.
The deep elf blademaster hits you with a rapier!
* * * LOW HITPOINT WARNING * * *
The deep elf blademaster completely misses you.
Unknown command.
Drink which item? (? for menu, Esc to quit)
Okay, then.
Unknown command.
Casting: Dazzling Spray
Confirm with . or Enter, or press ? or * to list all spells.
You don't have enough magic to cast that spell.
Unknown command.
Unknown command.
Drink which item? (? for menu, Esc to quit)
Magic courses through your body.
The deep elf blademaster hits you with a rapier!!
You die...

#=|▓▓▓▓▓▓▓▓▓▓▓▓'▓▓z▓,+≈,,≈+,*
#):▓...).[[!▓▓...▓.▓,+≈,,≈+,*
#§|▓))[)(.(:▓▓.⌠.▓.▓,+≈,,≈+,*
#)=▓.[....(%▓▓...▓.▓,+≈,,≈+,*
###▓...)....▓▓).(▓.▓,+≈,,≈+,*
#.#▓...(..(.▓▓.).▓.▓,+≈,,≈+,*
).#▓.......(▓▓...▓.▓,+≈,,≈+,*
..#▓.((..(.[▓▓.⌠e▓.▓,*≈,,≈*,*
#.#▓........▓▓..@▓§▓,*≈,,≈*,*
.##▓▓▓▓▓▓▓+▓▓▓▓+▓▓§▓**≈,,≈***
≈≈≈≈≈≈≈≈≈≈.(.≈≈≈▓!)§,,,,,**
########+###.≈≈≈▓,§,§,,,**
.._._._#§§§##≈≈≈▓,,,,,,**
._._._.#≈§§≈####▓▓***≈**
_._._._#§≈§§§##..#,,*≈*
._._._.#§≈§≈≈≈#..#,,*≈*
_._._..#≈§§§§§+.§+,,*≈*


You could see a deep elf blademaster.

Vanquished Creatures
  A kraken (D)
  A draconian shifter (D)
  Sonja (D)
  A giant orange brain (D)
  2 deep trolls (D)
  A siren (D)
  A yaktaur (D)
  3 polar bears (D)
  2 flying skulls (D)
  2 hippogriffs (D)
  4 neqoxecs (D)
  4 necrophages (D)
  A wasp (D)
  4 crocodiles (D)
  A hell rat (D)
29 creatures vanquished.

Vanquished Creatures (others)
  Menkaure (D)
  A crocodile (D)
2 creatures vanquished.

Grand Total: 31 creatures vanquished

Notes
Turn   | Place    | Note
--------------------------------------------------------------
     0 | D        | Kidiri the Spriggan Enchanter began the quest for the Orb.
     0 | D        | Reached XP level 1. HP: 9/9 MP: 5/5
     1 | D        | Noticed a necrophage
     1 | D        | Noticed a necrophage
     1 | D        | Noticed a necrophage
     1 | D        | Noticed a necrophage
    13 | D        | Killed a necrophage
    13 | D        | Reached skill level 1 in Fighting
    13 | D        | Reached skill level 1 in Armour
    13 | D        | Reached skill level 5 in Dodging
    13 | D        | Reached skill level 7 in Stealth
    13 | D        | Reached skill level 5 in Spellcasting
    13 | D        | Reached XP level 2. HP: 15/15 MP: 6/9
    13 | D        | Reached XP level 3. HP: 18/18 MP: 6/10
    13 | D        | Reached XP level 4. HP: 23/23 MP: 7/12
    37 | D        | Killed a crocodile
    55 | D        | Killed a necrophage
    55 | D        | Reached skill level 5 in Short Blades
    55 | D        | Reached skill level 8 in Stealth
    55 | D        | Reached skill level 5 in Hexes
    55 | D        | Reached XP level 5. HP: 27/27 MP: 8/14
    71 | D        | Killed a necrophage
    71 | D        | Reached skill level 9 in Stealth
   100 | D        | Learned a level 3 spell: Confuse
   110 | D        | Killed a necrophage
   110 | D        | Reached XP level 6. HP: 9/32 MP: 2/17
   114 | D        | Learned a level 2 spell: Ensorcelled Hibernation
   118 | D        | Learned a level 3 spell: Tukima's Dance
   122 | D        | Learned a level 3 spell: Dazzling Spray
   206 | D        | Killed Menkaure
   329 | D        | Noticed a siren
   332 | D        | Noticed a neqoxec
   332 | D        | Noticed a neqoxec
   332 | D        | Noticed a neqoxec
   332 | D        | Noticed a neqoxec
   332 | D        | Gained mutation: You are partially covered in thin metallic scales (AC +2). [a neqoxec]
   334 | D        | Gained mutation: You are resistant to hostile enchantments. [a neqoxec]
   340 | D        | Killed a neqoxec
   340 | D        | Reached skill level 10 in Stealth
   340 | D        | Gained mutation: You are clumsy. (Dex -2) [a neqoxec]
   345 | D        | Gained mutation: You are very clumsy. (Dex -4) [a neqoxec]
   350 | D        | Gained mutation: Armour fits poorly on your strangely shaped body. [a neqoxec]
   357 | D        | Gained mutation: You expend magic power (3 MP) to strengthen your wands. [a neqoxec]
   362 | D        | Killed a neqoxec
   362 | D        | Reached skill level 1 in Conjurations
   362 | D        | Reached skill level 1 in Ice Magic
   362 | D        | Reached XP level 7. HP: 31/36 MP: 12/19
   367 | D        | Killed a neqoxec
   367 | D        | Reached skill level 10 in Dodging
   367 | D        | Reached skill level 11 in Stealth
   382 | D        | Gained mutation: You possess an exceptional clarity of mind. [a neqoxec]
   389 | D        | Killed a neqoxec
   495 | D        | Noticed a hippogriff
   495 | D        | Noticed a hippogriff
   500 | D        | Killed a hippogriff
   510 | D        | Killed a hippogriff
   510 | D        | Reached skill level 12 in Stealth
   510 | D        | Reached XP level 8. HP: 30/42 MP: 20/22
   522 | D        | Killed a siren
   535 | D        | Noticed an ice statue
   538 | D        | Found Selypn's Distillery.
   540 | D        | Found Nefumaes's Gadget Shop.
   540 | D        | Found Pymu's Food Boutique.
   540 | D        | Found Wejea's Weapon Shop.
   564 | D        | Noticed Roxanne
   572 | D        | Found Zilus's Distillery.
   573 | D        | Found Ajuuvogask's Antique Weapon Boutique.
   573 | D        | Found Ocogun's Jewellery Boutique.
   574 | D        | Found Dosmawn's Book Shop.
   586 | D        | Found Gofin's Antique Armour Shop.
   586 | D        | Found Edopuam's Antique Armour Shop.
   586 | D        | Found Ronisk's Jewellery Boutique.
   590 | D        | Found Gaushruh's Magic Scroll Shop.
   590 | D        | Found Piv Atas's Antique Weapon Boutique.
   590 | D        | Noticed an iron elemental
   590 | D        | Noticed an oklob plant
   591 | D        | Found Geosoenei's Gadget Shop.
   591 | D        | Found Neulie's Antique Weapon Boutique.
   591 | D        | Found Otietoq's Book Shoppe.
   592 | D        | Noticed a hell hog
   604 | D        | Noticed a hell hog
   616 | D        | Bought a potion of experience for 600 gold pieces
   616 | D        | Reached skill level 13 in Stealth
   616 | D        | Reached skill level 10 in Spellcasting
   616 | D        | Reached XP level 9. HP: 44/46 MP: 22/24
   649 | D        | Found a basalt altar of Yredelemnul.
   650 | D        | Found a blossoming altar of Fedhas.
   650 | D        | Found a sparkling altar of Nemelex Xobeh.
   651 | D        | Found a shadowy altar of Dithmenos.
   651 | D        | Found a stormy altar of Qazlal.
   651 | D        | Found a corrupted altar of Lugonu.
   651 | D        | Found a burning altar of Makhleb.
   652 | D        | Found an iron altar of Okawaru.
   652 | D        | Found an oddly glowing altar of Pakellas.
   652 | D        | Found a bloodstained altar of Trog.
   653 | D        | Found a sacrificial altar of Ru.
   653 | D        | Found a white marble altar of Elyvilon.
   653 | D        | Found a glowing silver altar of Zin.
   654 | D        | Found an ancient bone altar of Kikubaaqudgha.
   654 | D        | Found a shimmering altar of Xom.
   654 | D        | Found a snail-covered altar of Cheibriados.
   655 | D        | Found an opulent altar of Gozag.
   655 | D        | Found a roughly hewn altar of Beogh.
   656 | D        | Found a glowing golden altar of the Shining One.
   656 | D        | Found a viscous altar of Jiyva.
   657 | D        | Noticed a yaktaur
   657 | D        | Noticed a polar bear
   658 | D        | Noticed a polar bear
   658 | D        | Noticed a polar bear
   659 | D        | Killed a polar bear
   660 | D        | Killed a polar bear
   660 | D        | Reached skill level 5 in Fighting
   674 | D        | Killed a yaktaur
   678 | D        | Killed a polar bear
   678 | D        | Reached skill level 10 in Short Blades
   678 | D        | Reached skill level 14 in Stealth
   678 | D        | Reached XP level 10. HP: 30/51 MP: 9/26
   687 | D        | Found a deep blue altar of Sif Muna.
   687 | D        | Found a radiant altar of Vehumet.
   690 | D        | Became a worshipper of Dithmenos the Shadowed
   797 | D        | Noticed a kraken
   920 | D        | Gained mutation: Your spells are a little harder to cast, but a little more powerful. [potion of mutation]
   968 | D        | Killed a kraken
   968 | D        | Reached skill level 5 in Armour
  1106 | D        | Reached * piety under Dithmenos
  1106 | D        | Reached skill level 15 in Stealth
  1152 | D        | Noticed a deep troll
  1153 | D        | Noticed a deep troll
  1155 | D        | Killed a deep troll
  1156 | D        | Killed a deep troll
  1236 | D        | Bought a scroll of acquirement for 624 gold pieces
  1236 | D        | Bought a scroll of identify for 24 gold pieces
  1236 | D        | Bought a scroll of identify for 24 gold pieces
  1240 | D        | Bought a scroll of identify for 24 gold pieces
  1293 | D        | Noticed a mottled draconian shifter
  1293 | D        | Noticed a giant orange brain
  1294 | D        | Noticed Sonja
  1294 | D        | Noticed a hellephant
  1296 | D        | Killed a giant orange brain
  1296 | D        | Reached ** piety under Dithmenos
  1299 | D        | Killed a mottled draconian shifter
  1299 | D        | Reached skill level 16 in Stealth
  1299 | D        | Reached skill level 5 in Ice Magic
  1299 | D        | Reached XP level 11. HP: 56/56 MP: 28/28
  1524 | D        | Killed Sonja
  1558 | D        | Reached *** piety under Dithmenos
  1570 | D        | Noticed a deep elf blademaster
  1590 | D        | Slain by a deep elf blademaster

Vault maps used:
D:        the_violet_keep_of_menkaure

Skill      XL: |  1  2  3  4  5  6  7  8  9 10 11 |
---------------+----------------------------------+-----
Fighting       | 1 2 3 4 5 6 |  6.4
Short Blades   | 4 5 6 7 8 9 10 11 | 11.8
Armour         | 1 2 3 4 5 |  5.8
Dodging        | 5 7 8 9 10 11 12 14 | 14.9
Stealth        | 7 8 9 10 12 13 14 16 | 16.2
Spellcasting   | 5 6 7 8 9 10 11 12 | 12.9
Hexes          | 4 5 6 7 8 9 |  9.8
Conjurations   | 1 2 3 4 |  4.8
Ice Magic      | 1 2 3 5 |  5.3
Invocations    | 3 4 |  4.1

Action                   |  1- 3 |  4- 6 |  7- 9 | 10-12 || total
-------------------------+-------+-------+-------+-------++-------
Melee: Dagger            |     9 |    81 |    23 |    27 ||   140
 Cast: Corona            |       |     5 |       |       ||     5
       Confuse           |       |     4 |     1 |     3 ||     8
       Dazzling Spray    |       |     5 |     3 |    19 ||    27
       Ensorcelled Hiber |       |       |     8 |    10 ||    18
       Tukima's Dance    |       |       |       |     1 ||     1
 Abil: Evoke Flight      |       |       |       |     3 ||     3
  Use: Potion            |     1 |     4 |     1 |     5 ||    11
       Scroll            |       |       |       |    12 ||    12
 Stab: Confused          |       |     1 |     2 |     3 ||     6
       Invisible         |       |     2 |     3 |     1 ||     6
       Sleeping          |       |       |     8 |     9 ||    17
Armor: Robe              |       |     5 |       |     1 ||     6
Dodge: Dodged            |     6 |    48 |    18 |    23 ||    95
